 Dungeon Crawl Stone Soup version 0.25.0-46-gbd7b0854d2 (webtiles) character file.

Game seed: 4430413269858360528

626 H0rd4k the Magician (level 7, 0/36 HPs)
             Began as a Deep Elf Wizard on July 13, 2020.
             Succumbed to a worker ant's poison
             ... on level 5 of the Dungeon.
             The game lasted 00:08:37 (5977 turns).

H0rd4k the Magician (Deep Elf Wizard)               Turns: 5977, Time: 00:08:37

Health: 0/36       AC:  2    Str:  4    XL:     7   Next: 23%
Magic:  14/20      EV: 13    Int: 25    God:
Gold:   339        SH:  0    Dex: 17    Spells: 12/21 levels left

rFire    . . .     SeeInvis .   (no weapon)
rCold    . . .     Gourm    .   (no shield)
rNeg     . . .     Faith    .   a - +0 robe
rPois    .         Spirit   .   b - +0 hat
rElec    .         Reflect  .   (no cloak)
rCorr    .         Harm     .   (no gloves)
MR       .....     Rnd*Tele +   (no boots)
Stlth    +++.......             (no amulet)
HPRegen  0.12/turn              (no ring)
MPRegen  0.17/turn              (no ring)

@: mighty, brilliant, lethally poisoned (0 -> -6), flying
A: agile 2, teleportitis 1, MP-powered wands
a: no special abilities


You were on level 5 of the Dungeon.
You were not hungry.

You visited 1 branch of the dungeon, and saw 5 of its levels.

You collected 339 gold pieces.

Inventory:

Missiles
 o - 41 poisoned darts (quivered)
Armour
 a - a +0 robe (worn)
 b - a +0 hat (worn)
Jewellery
 h - a cursed amulet of inaccuracy {unknown}
Scrolls
 c - 5 scrolls of identify {unknown}
 e - 8 scrolls of teleportation
 f - a scroll of blinking {unknown}
 g - a scroll of random uselessness {unknown}
 i - 3 scrolls of fog {unknown}
 k - a scroll of immolation {unknown}
 m - 3 scrolls of noise {unknown}
 n - 2 scrolls of remove curse {unknown}
 r - 2 scrolls of magic mapping {unknown}
Potions
 j - 2 potions of mutation
 l - a potion of flight
Comestibles
 d - 4 rations


   Skills:
 + Level 3.1 Dodging
 + Level 3.7 Stealth
 + Level 7.7 Spellcasting
 + Level 4.2 Conjurations
   Level 1.1 Summonings
 + Level 1.3 Translocations
 * Level 2.3 Fire Magic
 * Level 2.8 Poison Magic


You had 12 spell levels left.
You knew the following spells:

 Your Spells              Type           Power        Failure   Level  Hunger
a - Magic Dart            Conj           ####         1%          1    None
b - Blink                 Tloc           N/A          5%          2    None
c - Conjure Flame         Conj/Fire      #####...     4%          3    None
d - Mephitic Cloud        Conj/Pois/Air  ####....     7%          3    None

Your spell library contained the following spells:

 Spells                   Type           Power        Failure   Level  Hunger
 Call Imp                 Summ           ###.....     6%          2    None
 Slow                     Hex            ##......     10%         2    None


Dungeon Overview and Level Annotations

Branches:
Dungeon (5/15)
 Temple: D:4-7

Altars:
Okawaru

Shops:
D:4 }

Annotations:
D:3 exclusion: downstairs
D:5 2 transporters, exclusion: centaur, Edmund; Xye's ghost, amateur DEEE


Innate Abilities, Weirdness & Mutations

You are very agile. (Dex +4)
You are occasionally teleported next to monsters.
You expend magic power (3 MP) to strengthen your wands.


Message History

* * * LOW HITPOINT WARNING * * *
You feel sick.
* * * LOW HITPOINT WARNING * * *
You feel sick.
As you read the scroll labeled VIEK LIMMAB, it crumbles to dust.
You feel strangely unstable.
It was a scroll of teleportation.
* * * LOW HITPOINT WARNING * * *
You feel sick.
* * * LOW HITPOINT WARNING * * *
You feel sick.
You see here a +0 whip.
* * * LOW HITPOINT WARNING * * *
You feel sick.
Your surroundings suddenly seem different.
* * * LOW HITPOINT WARNING * * *
You feel sick.
A sky beast comes into view.
Found a scroll labeled KEBAECUGHU and a scroll labeled MEMEWN NAJ BEUNG.
Found two transporters.
You die...

.......#...
...$#..
.Y........
....
..........
.... .........
.........
........#
........#
........#
.......@#
.........#
...##...... .#
#.........
.......©.....
..############
..# ?©?. .#
.W.#.


You could see a sky beast (wandering) and Xye's ghost (dormant).

Vanquished Creatures
  2 ogres (D:4)
  A howler monkey (D:4)
  2 orc wizards
  3 orc priests
  4 worker ants
  4 gnolls
  5 adders
  A worm (D:2)
  2 dart slugs
  5 leopard geckos
  6 orcs
  4 giant cockroaches
  8 hobgoblins
  6 jackals
  8 kobolds
  4 quokkas
  4 bats
  2 frilled lizards
  9 goblins
  A quokka skeleton (D:4)
  4 rats
85 creatures vanquished.

Notes
Turn   | Place    | Note
-------+----------+-------------------------------------------
     0 | D:1      | H0rd4k the Deep Elf Wizard began the quest for the Orb.
     0 | D:1      | Reached XP level 1. HP: 10/10 MP: 7/7
   214 | D:1      | Reached XP level 2. HP: 15/15 MP: 1/9
   304 | D:1      | Reached skill level 5 in Spellcasting
  1109 | D:1      | Reached XP level 3. HP: 19/19 MP: 10/12
  2639 | D:2      | Reached skill level 6 in Spellcasting
  2640 | D:2      | Reached XP level 4. HP: 24/24 MP: 11/14
  2732 | D:2      | Learned a level 2 spell: Blink
  2736 | D:2      | Learned a level 3 spell: Conjure Flame
  2740 | D:2      | Learned a level 3 spell: Mephitic Cloud
  2887 | D:2      | Found an iron altar of Okawaru.
  3507 | D:3      | Reached skill level 1 in Poison Magic
  3507 | D:3      | Reached XP level 5. HP: 13/28 MP: 1/15
  4328 | D:4      | Reached skill level 1 in Fire Magic
  4401 | D:4      | Reached XP level 6. HP: 32/32 MP: 9/17
  4479 | D:4      | Reached skill level 7 in Spellcasting
  5028 | D:4      | Reached XP level 7. HP: 36/36 MP: 6/19
  5649 | D:4      | Found Heofocs's Gadget Emporium.
  5824 | D:5      | Entered Level 5 of the Dungeon
  5824 | D:5      | Noticed Edmund
  5967 | D:5      | Gained mutation: You are occasionally teleported next to
                  | monsters. [potion of mutation]
  5967 | D:5      | Gained mutation: You are agile. (Dex +2) [potion of
                  | mutation]
  5967 | D:5      | Gained mutation: You expend magic power (3 MP) to
                  | strengthen your wands. [potion of mutation]
  5967 | D:5      | Gained mutation: You are very agile. (Dex +4) [potion of
                  | mutation]
  5976 | D:5      | Found a transporter.
  5976 | D:5      | Found a transporter.
  5976 | D:5      | HP: 1/36 [poisoned by a worker ant]
  5977 | D:5      | Noticed Xye's ghost (amateur DEEE)
  5977 | D:5      | Succumbed to a worker ant's poison

Illustrated notes

Levels and vault maps discovered:
D:1:      minmay_arrival_up_and_down, layout_basic
D:2:      minmay_general_purpose_star, layout_basic, kennysheep_okawaru_gauntlet
D:3:      layout_rooms
D:4:      layout_layer_cave, serial_shops, shop, first_ration, minmay_between
D:5:      layout_layer_cave, kennysheep_mini, gammafunk_ghost_hive, uniq_edmund

Skill      XL: |  1  2  3  4  5  6 |
---------------+-------------------+-----
Spellcasting   | 5 6 7 |  7.7
Stealth        | 3 |  3.7
Conjurations   | 2 3 4 |  4.2
Poison Magic   | 1 2 |  2.8
Fire Magic     | 1 2 |  2.3
Dodging        | 3 |  3.1
Summonings     | |  1.1
Translocations | |  1.3

Action                   |  1- 3 |  4- 6 |  7- 9 || total
-------------------------+-------+-------+-------++-------
 Cast: Magic Dart        |   119 |   120 |    29 ||   268
       Conjure Flame     |       |     2 |     1 ||     3
       Mephitic Cloud    |       |     1 |       ||     1
       Blink             |       |     4 |       ||     4
  Use: Potion            |     2 |     1 |     4 ||     7
       Scroll            |       |       |     1 ||     1
  Eat: Chunk             |     5 |     7 |       ||    12
       Ration            |       |       |     1 ||     1
Armor: Robe              |     3 |     2 |       ||     5
Dodge: Dodged            |    27 |    11 |    11 ||    49
